 Dungeon Crawl Stone Soup version 0.30.0-17-ge0270778cf (webtiles) character file.

Game seed: 16265400128228768008

11717 Diggabert the Thaumaturge (level 11, -4/62 HPs)
             Began as a Deep Elf Conjurer on May 21, 2023.
             Was a Believer of Vehumet.
             Shot with an arrow by a centaur warrior (8 damage)
             ... on level 10 of the Dungeon on May 22, 2023.
             The game lasted 00:48:37 (11961 turns).

Diggabert the Thaumaturge (Deep Elf Conjurer)      Turns: 11961, Time: 00:48:37

Health: -4/62      AC: 12    Str:  4    XL:     11   Next: 53%
Magic:  20/31      EV: 10    Int: 28    God:    Vehumet [**....]
Gold:   1598       SH:  0    Dex: 17    Spells: 16/38 levels left

rFire   + . .        a - +3 scimitar "Qaf Iqa" {spect, rF+ rN+ Dex+4}
rCold   . . .        (no shield)
rNeg    + . .        L - +0 swamp dragon scales
rPois   +            x - +0 helmet
rElec   .            M - +2 cloak
rCorr   .            (no gloves)
SInv    .            G - +0 pair of boots
Will    ++...        F - amulet of magic regeneration
Stlth   ++           U - ring of willpower
HPRegen 0.30/turn    y - ring of wizardry
MPRegen 0.62/turn

%: wizardry (x1)
@: no status effects
A: no striking features
a: Renounce Religion


You were on level 10 of the Dungeon.
You worshipped Vehumet.
Vehumet was pleased with you.
You visited 2 branches of the dungeon, and saw 11 of its levels.
You also visited: Bailey.

You collected 1598 gold pieces.

Inventory:

Hand Weapons
 a - the +3 scimitar "Qaf Iqa" (weapon) {spect, rF+ rN+ Dex+4}
   (You found it in a bailey)

   Dex:       It affects your dexterity (+4).
   rF:        It protects you from fire.
   rN:        It protects you from negative energy.
 w - a +2 dagger of speed
 J - a +1 short sword of electrocution
Missiles
 H - 2 throwing nets
Armour
 x - a +0 helmet (worn)
 G - a +0 pair of boots (worn)
 L - +0 swamp dragon scales (worn)
 M - a +2 cloak (worn)
Magical Staves
 K - a staff of cold
 S - a staff of air
Jewellery
 y - a ring of wizardry (right hand)
 C - a ring of flight
 E - a ring of resist corrosion
 F - an amulet of magic regeneration (around neck)
 O - a ring of protection from cold
 U - a ring of willpower (left hand)
Wands
 j - a wand of flame (37)
 s - a wand of digging (6)
 u - a wand of roots (28)
 N - a wand of mindburst (1)
 P - a wand of paralysis (10)
Scrolls
 c - 2 scrolls of butterflies
 g - 3 scrolls of amnesia
 i - a scroll of brand weapon {unknown}
 k - a scroll of fog {unknown}
 l - 2 scrolls of immolation
 m - 3 scrolls of teleportation {unknown}
 o - 2 scrolls of poison {unknown}
 r - 3 scrolls of noise {unknown}
 A - 2 scrolls of enchant armour {unknown}
 I - a scroll of fear {unknown}
 T - a scroll of enchant weapon {unknown}
 V - a scroll of magic mapping {unknown}
Potions
 b - 2 potions of magic
 d - a potion of resistance
 e - 6 potions of curing
 h - 3 potions of might
 n - 2 potions of mutation
 p - 3 potions of ambrosia
 q - 3 potions of lignification
 t - a potion of heal wounds
 v - 6 potions of flight
 z - a potion of cancellation {unknown}
 B - 2 potions of berserk rage {unknown}
 D - a potion of invisibility {unknown}
 Q - 2 potions of haste {unknown}
 R - a potion of attraction {unknown}


   Skills:
 * Level 4.4 Fighting
 * Level 7.1 Dodging
 - Level 2.4 Stealth
 - Level 4.0 Shields
 * Level 14.3 Spellcasting
 * Level 12.2 Conjurations
 * Level 6.7 Hexes


You had 16 spell levels left.
You knew the following spells:

 Your Spells              Type           Power      Damage    Failure   Level
a - Magic Dart            Conj           100%       1d8       1%          1
b - Searing Ray           Conj           100%       2d8       1%          2
c - Dazzling Flash        Conj/Hex       100%       N/A       1%          3
d - Fulminant Prism       Conj/Hex       32%        3d16      1%          4
e - Iskenderun's Mystic   Conj/Tloc      53%        2d11      5%          4
f - Iskenderun's Battles  Conj           73%        2d12      1%          5
g - Swiftness             Air            20%        N/A       19%         3

Your spell library contained the following spells:

 Spells                   Type           Power      Damage    Failure   Level
 Foxfire                  Conj/Fire      100%       2x1d9     1%          1
 Momentum Strike          Conj/Tloc      100%       3d10      1%          2
 Ensorcelled Hibernation  Hex/Ice        76%        N/A       2%          2
 Necrotise                Necr           80%        1d8       6%          1
 Passwall                 Tmut/Erth      16%        N/A       10%         2
 Vampiric Draining        Necr           20%        2d7       19%         3
 Iron Shot                Conj/Erth      26%        9d6       58%         6
 Agony                    Necr           20%        N/A       85%         5
 Spellforged Servitor     Conj/Summ      26%        N/A       98%         7


Dungeon Overview and Level Annotations

Branches:
Dungeon (10/15)            Temple (1/1) D:4            Lair (0/5) D:8
 Bailey (visited)
    Orc: D:9-12

Altars:
Ashenzari
Cheibriados
Dithmenos
Elyvilon
Fedhas
Gozag
Hepliaklqana
Kikubaaqudgha
Makhleb
Nemelex Xobeh
Okawaru
Qazlal
Ru
Sif Muna
Trog
Uskayaw
Vehumet
Wu Jian
Xom
Yredelemnul
Zin
The Shining One

Portals:
Trove: D:10 (give +5 demon blade)

Annotations:
D:6 2 runed translucent doors, phonic's ghost, novice TeGl


Message History

You climb downwards.
The centaur warrior shoots an arrow.
The arrow closely misses you.
The centaur warrior shoots an arrow.
The arrow hits you!
There is a stone staircase leading up, spattered with blood here.
Casting: Iskenderun's Mystic Blast (dangerous; 5% risk of failure)
Confirm with . or Enter, or press ? or * to list all spells.
Aiming: Fulminant Prism (dangerous; 1% risk of failure)
Press: ? - help, Dir - move target You conjure a prism of explosive energy!
A fulminant prism comes into view.
The centaur warrior shoots an arrow.
The arrow hits you!
Unknown command.
Casting: Fulminant Prism (dangerous; 1% risk of failure)
Confirm with . or Enter, or press ? or * to list all spells.
Okay, then.
Casting: Fulminant Prism (dangerous; 1% risk of failure)
Confirm with . or Enter, or press ? or * to list all spells.
Casting: Dazzling Flash (safe; 1% risk of failure)
Press: ? - help, Dir - look around, f - activate The centaur warrior is dazzled.
The centaur warrior shoots an arrow.
The arrow hits you!
Your fulminant prism crackles loudly.
Casting: Dazzling Flash (safe; 1% risk of failure)
Confirm with . or Enter, or press ? or * to list all spells.
You conjure a globe of magical energy.
The centaur warrior shoots an arrow.
The arrow hits you!!
* * * LOW HITPOINT WARNING * * *
Your fulminant prism explodes!
The blast of energy engulfs the centaur warrior!!
The centaur warrior is heavily wounded.
Aiming: Magic Dart (safe; 1% risk of failure)
Press: ? - help, Q - select action, (/) - cycle Shift-Dir - straight line, f - centaur warrior
Aim: a centaur warrior, wielding a +0 shortbow (heavily wounded, blind, 100% to hit)
The magic dart hits the centaur warrior but does no damage.
The centaur warrior is heavily wounded.
Your battlesphere fires!
The barrage of energy hits the centaur warrior!
The centaur warrior is almost dead.
The centaur warrior shoots an arrow.
The arrow hits you!
You die...

#.......# #######.# #.#
#######.#########
######...y..........#.
#........##..######...
#.##.c.#.##...## ###.
#.##†....#.....# #.
#.##.@.#.##...## #.
#.###..*.....## #.
#........###.# #.
#####.#### #.# #. #.#
##'## ## #.# ##...##
####.# ##.....## #
##.##<###...>...## ##
##...#.##.........####.


You could see a centaur warrior (blind, ally target) and a friendly
battlesphere.

Vanquished Creatures
  A boulder beetle (D:10)
  Erica (D:8)
  A two-headed ogre (D:10)
  A cyclops (D:10)
  Maurice (D:8)
  Maggie (D:7)
  A gargoyle (D:10)
  Psyche (D:8)
  A meliai (D:10)
  A troll (D:8)
  A hornet (D:10)
  Grinder (D:3)
  2 shadows (D:10)
  A vampire (D:10)
  A wyvern (D:9)
  8 yaks (D:10)
  A steam dragon (D:8)
  A vampire mosquito (D:10)
  8 orc warriors
  2 ice beasts
  A sky beast (D:3)
  A black bear (D:6)
  3 ogres
  3 centaurs
  3 wolves (D:8)
  2 phantoms (D:5)
  3 kobold brigands
  4 bullfrogs
  2 gnoll sergeants
  4 scorpions
  17 wights
  6 killer bees
  4 electric eels (D:8)
  6 howler monkeys
  A jelly (D:6)
  9 hounds
  9 orc priests
  A gnoll bouda (D:5)
  Ijyb (D:3)
  Terence (D:3)
  An iguana (D:4)
  9 orc wizards
  10 gnolls
  7 adders
  A white imp (D:8)
  A worm (D:2)
  7 dart slugs
  42 orcs
  6 ball pythons
  7 endoplasms
  2 giant cockroaches
  12 goblins
  13 hobgoblins
  3 quokkas
  2 bats (D:3)
  7 frilled lizards
  35 kobolds
  5 rats
287 creatures vanquished.

Vanquished Creatures (others)
  A butterfly (D:10)
  55 fulminant prisms
56 creatures vanquished.

Grand Total: 343 creatures vanquished

Notes
Turn   | Place    | Note
-------+----------+-------------------------------------------
     0 | D:1      | Diggabert the Deep Elf Conjurer began the quest for the
                  | Orb.
     0 | D:1      | Reached XP level 1. HP: 10/10 MP: 6/6
     7 | D:1      | Noticed an iguana
     7 | D:1      | Noticed a wolf
     8 | D:1      | Noticed a black bear
   148 | D:1      | Reached XP level 2. HP: 15/15 MP: 6/8
   152 | D:1      | Learned a level 2 spell: Searing Ray
   433 | D:1      | Reached skill level 5 in Conjurations
   611 | D:1      | Reached XP level 3. HP: 20/20 MP: 5/9
   615 | D:1      | Learned a level 3 spell: Dazzling Flash
  1396 | D:2      | You fall into a shaft and drop 2 floors!
  1401 | D:4      | Found a staircase to the Ecumenical Temple.
  1407 | Temple   | Entered the Ecumenical Temple
  1528 | D:4      | Reached XP level 4. HP: 16/24 MP: 5/10
  1569 | D:4      | Noticed a scorpion
  1577 | D:4      | Noticed an ogre
  2317 | D:2      | Found a faded altar of an unknown god.
  2583 | D:2      | Learned a level 4 spell: Fulminant Prism
  2611 | D:3      | Noticed a sky beast
  2620 | D:3      | Killed a sky beast
  2621 | D:3      | Reached skill level 4 in Spellcasting
  2621 | D:3      | Reached skill level 1 in Hexes
  2621 | D:3      | Reached XP level 5. HP: 28/28 MP: 4/13
  2809 | D:3      | Noticed an ice beast
  2816 | D:3      | Killed an ice beast
  2817 | D:3      | Reached skill level 1 in Fighting
  2817 | D:3      | Reached XP level 6. HP: 22/34 MP: 4/14
  3042 | D:3      | Learned a level 4 spell: Iskenderun's Mystic Blast
  3080 | D:3      | Noticed Grinder
  3083 | D:3      | Paralysed by Grinder for 2 turns
  3089 | D:3      | Killed Grinder
  3090 | D:3      | Reached skill level 1 in Shields
  3090 | D:3      | Reached skill level 5 in Spellcasting
  3272 | D:3      | Noticed Terence
  3276 | D:3      | Killed Terence
  3277 | D:3      | Reached XP level 7. HP: 38/38 MP: 11/17
  3344 | D:3      | Found a hide-covered altar of Uskayaw.
  3387 | D:3      | Found a sacrificial altar of Ru.
  3396 | D:3      | Found a snail-covered altar of Cheibriados.
  3396 | D:3      | Found an ancient bone altar of Kikubaaqudgha.
  3398 | D:3      | Found a glowing silver altar of Zin.
  3398 | D:3      | Found a shimmering altar of Xom.
  3398 | D:3      | Found an iron altar of Okawaru.
  3450 | D:3      | Found a sparkling altar of Nemelex Xobeh.
  3590 | D:3      | Noticed Ijyb
  3627 | D:3      | Killed Ijyb
  3720 | D:3      | Found a glowing golden altar of the Shining One.
  4394 | D:4      | Reached skill level 6 in Spellcasting
  4618 | D:4      | Found a glowing silver altar of Zin.
  4619 | D:4      | Found an opulent altar of Gozag.
  5152 | D:4      | Learned a level 5 spell: Iskenderun's Battlesphere
  5163 | D:5      | Entered Level 5 of the Dungeon
  5257 | D:5      | Found an ancient bone altar of Kikubaaqudgha.
  5305 | D:5      | Reached skill level 7 in Spellcasting
  5399 | D:5      | Reached XP level 8. HP: 44/44 MP: 13/20
  6271 | D:6      | Reached skill level 8 in Spellcasting
  6349 | D:6      | Found a runed translucent door.
  6352 | D:6      | Noticed phonic's ghost (novice TeGl)
  6486 | D:6      | Found a runed translucent door.
  6508 | D:6      | Found an iron altar of Okawaru.
  6689 | D:6      | Found a shimmering blue altar of Sif Muna.
  7023 | D:7      | Reached skill level 9 in Spellcasting
  7026 | D:7      | Reached XP level 9. HP: 43/49 MP: 6/24
  7165 | D:7      | Reached skill level 5 in Dodging
  7237 | D:7      | Learned a level 3 spell: Swiftness
  7358 | D:7      | Found a stormy altar of Qazlal.
  7469 | D:7      | Noticed Maggie
  7474 | D:7      | Killed Maggie
  7475 | D:7      | Reached skill level 10 in Spellcasting
  7527 | D:7      | Found a flagged portal.
  7541 | Bailey   | Entered a bailey
  7667 | Bailey   | Reached skill level 10 in Conjurations
  7735 | Bailey   | Identified the +3 scimitar "Qaf Iqa" {spect, rF+ rN+ Dex+4}
  7796 | Bailey   | Reached skill level 5 in Hexes
  8328 | D:8      | Reached skill level 11 in Spellcasting
  8448 | D:8      | Reached XP level 10. HP: 56/56 MP: 16/27
  8487 | D:8      | Noticed Maurice
  8492 | D:8      | Killed Maurice
  8674 | D:8      | Noticed Psyche
  8678 | D:8      | Killed Psyche
  8786 | D:8      | Reached skill level 12 in Spellcasting
  8847 | D:8      | Noticed Erica
  8853 | D:8      | Killed Erica
  8866 | D:8      | Found a staircase to the Lair.
  9176 | D:8      | Found a radiant altar of Vehumet.
  9194 | D:8      | Became a worshipper of Vehumet
  9886 | D:9      | Reached * piety under Vehumet
  9886 | D:9      | Offered knowledge of Freeze by Vehumet.
 10034 | D:9      | Reached skill level 13 in Spellcasting
 10420 | D:10     | Entered Level 10 of the Dungeon
 10430 | D:10     | Reached XP level 11. HP: 61/61 MP: 19/30
 10601 | D:10     | Found a white marble altar of Elyvilon.
 10619 | D:10     | Noticed a two-headed ogre
 10623 | D:10     | Killed a two-headed ogre
 10965 | D:10     | Reached skill level 14 in Spellcasting
 11202 | D:10     | Found a snail-covered altar of Cheibriados.
 11234 | D:10     | Found a portal to a secret trove of treasure.
 11329 | D:10     | Noticed a boulder beetle
 11329 | D:10     | Noticed a centaur warrior
 11336 | D:10     | Reached ** piety under Vehumet
 11789 | D:10     | Killed a boulder beetle
 11789 | D:10     | Offered knowledge of Foxfire by Vehumet.
 11960 | D:10     | HP: 3/62 [centaur warrior/arrow (18)]
 11961 | D:10     | Shot with an arrow by a centaur warrior

Illustrated notes

Levels and vault maps discovered:
D:1:      onia_arrival_zoo_common, layout_loops_cross
D:2:      layout_basic, shapermc_ecumenical_altar_hornbeckon,
          minmay_misc_feat_square
D:3:      layout_loops_corners, lemuel_doored_altar, general_overflow_altar,
          doesnt_xom_only_xom, nicolae_tso_carved_into_rock, uniq_terence,
          uniq_ijyb, uniq_grinder
D:4:      layout_cave_pools, grunt_temple_overflow_gold_and_silver,
          minmay_temple_entry_statues, serial_forest,
          infiniplex_forest_clump_long, infiniplex_forest_zigzag_1,
          infiniplex_forest_clump_cross, infiniplex_forest_clump_medium,
          infiniplex_forest_clump_diagonal, infiniplex_forest_lined_2
D:5:      layout_basic, mainiacjoe_overflow_cross_hatched,
          minmay_large_rounded_square, nicolae_grassy_gnolls
D:6:      layout_loops_cross, mainiacjoe_overflow_brackets,
          mainiacjoe_overflow_24_doors, ebering_ghost_sewer_f
D:7:      layout_basic, nicolae_qazlal_scattered_showers, enter_bailey_4,
          hangedman_abyss_or_decor_stabs, uniq_maggie
D:8:      layout_loops_ring, nicolae_vehumet_altar_sigil, erik_lair_island,
          uniq_maurice, uniq_psyche, uniq_erica
D:9:      layout_loops_ring
D:10:     minmay_shrinking_squares, layout_loops_corners,
          nicolae_elyvilon_peaceful_grove, kennysheep_slug_shrine,
          nicolae_trove_entry_isolated
Temple:   dpeg_three_leaves_temple

Skill      XL: |  1  2  3  4  5  6  7  8  9 10 11 |
---------------+----------------------------------+-----
Conjurations   | 5 6 7 9 10 11 12 | 12.2
Dodging        | 3 4 5 6 7 |  7.1
Spellcasting   | 4 5 7 9 11 13 14 | 14.3
Hexes          | 1 2 3 4 5 6 |  6.7
Fighting       | 1 2 3 4 |  4.4
Shields        | 1 2 3 4 |  4.0
Stealth        | |  2.4

Action                     |  1- 3 |  4- 6 |  7- 9 | 10-12 || total
---------------------------+-------+-------+-------+-------++-------
  Melee: Dagger            |       |     2 |       |       ||     2
         Punch             |       |     1 |       |       ||     1
         Scimitar          |       |       |       |     1 ||     1
   Cast: Magic Dart        |    61 |    31 |   150 |   132 ||   374
         Searing Ray       |     3 |    17 |    36 |    13 ||    69
         Fulminant Prism   |       |       |    23 |    32 ||    55
         Iskenderun's Batt |       |       |    21 |    38 ||    59
         Iskenderun's Myst |       |       |    11 |    23 ||    34
         Swiftness         |       |       |     1 |     1 ||     2
         Dazzling Flash    |       |       |       |     1 ||     1
    Use: Scroll            |       |     3 |     7 |     3 ||    13
 Armour: Robe              |     2 |     1 |     3 |       ||     6
         Swamp dragon scal |       |       |     3 |    17 ||    20
  Dodge: Dodged            |    21 |     6 |    14 |    18 ||    59
